 Dungeon Crawl Stone Soup version 0.25.1-2-g60ff931df9 (webtiles) character file.

Game seed: 15128408185215569227

751 Snicker the Chiller (level 7, -2/52 HPs)
             Began as a Green Draconian Ice Elementalist on Nov 2, 2020.
             Was an Initiate of Gozag.
             Slain by a wight
             ... wielding a +0 spear
              (10 damage)
             ... on level 7 of the Dungeon.
             The game lasted 00:13:51 (5463 turns).

Snicker the Chiller (DrIE)                          Turns: 5463, Time: 00:13:51

Health: -2/52      AC:  7    Str: 10    XL:     7   Next: 49%
Magic:  1/14       EV: 12    Int: 17    God:    Gozag
Gold:   388        SH:  0    Dex: 12    Spells: 5/16 levels left

rFire    x . .     SeeInvis .   a - +1 war axe (vorpal)
rCold    + . .     Gourm    .   (no shield)
rNeg     . . .     Faith    .   (armour unavailable)
rPois    +         Spirit   .   (helmet restricted)
rElec    .         Reflect  .   (no cloak)
rCorr    .         Harm     .   (no gloves)
MR       +....                  p - +0 pair of boots
Stlth    ++........             (no amulet)
HPRegen  0.17/turn              o - ring of protection from magic
MPRegen  0.14/turn              u - ring of ice

@: very slightly contaminated, drained
A: breathe noxious fumes, unfitting armour, poison resistance, cold-blooded, AC
+6
a: Breathe Noxious Fumes, Potion Petition, Call Merchant, Bribe Branch, Renounce
Religion


You were on level 7 of the Dungeon.
You worshipped Gozag.
Gozag was aware of your devotion.
You were not hungry.

You visited 1 branch of the dungeon, and saw 6 of its levels.

You collected 397 gold pieces.
You paid 9 gold pieces to Gozag.

Inventory:

Hand Weapons
 a - a +1 vorpal war axe (weapon)
 q - a +0 dagger
 t - a +0 vorpal great sword
Missiles
 d - 23 poisoned darts (quivered)
Armour
 p - a +0 pair of boots (worn)
Jewellery
 o - a ring of protection from magic (left hand)
 u - a ring of ice (right hand)
Scrolls
 f - 5 scrolls of teleportation
 l - 3 scrolls of identify
 m - 3 scrolls of blinking
 s - a scroll of fog {unknown}
Potions
 c - a potion of cancellation {unknown}
 g - a potion of curing {unknown}
 h - 2 potions of resistance {unknown}
 k - a potion of magic {unknown}
 n - a potion of might {unknown}
Comestibles
 b - 4 rations


   Skills:
 + Level 1.1(0.4) Fighting
 - Level 0.7(0.0) Short Blades
 + Level 2.5(1.6) Axes
 + Level 0.1(0.0) Throwing
 + Level 2.6(1.8) Dodging
 + Level 2.7(1.8) Stealth
 * Level 5.1(4.2) Spellcasting
 * Level 6.0(5.1) Ice Magic


You had 5 spell levels left.
You knew the following spells:

 Your Spells              Type           Power        Failure   Level  Hunger
a - Freeze                Ice            ####         1%          1    None
b - Frozen Ramparts       Ice            ####..       5%          3    ###....
c - Ozocubu's Armour      Chrm/Ice       ###.....     16%         3    ###....
d - Hailstorm             Conj/Ice       ###.....     47%         4    ####...

Your spell library contained the following spells:

 Spells                   Type           Power        Failure   Level  Hunger
 Summon Ice Beast         Ice/Summ       ###.....     47%         4    ####...


Dungeon Overview and Level Annotations

Branches:
Dungeon (5/15)
 Temple: D:4-7

Altars:
Fedhas
Gozag
Qazlal
Wu Jian
Yredelemnul

Shops:
D:2 *


Innate Abilities, Weirdness & Mutations

You can breathe blasts of noxious fumes.
Your lurid green scales are hard. (AC +6)
You cannot fit into any form of body armour.
Your system is resistant to poisons. (rPois)
You are cold-blooded and may be slowed by cold attacks.


Message History

Unknown command.
The wight hits you with a +0 spear!
You hit the wight but do no damage.
The wight is moderately damaged.
The wight hits you but does no damage. The wight hits you with a +0 spear!
You feel drained.
You hit the wight.
You tail-slap the wight, but do no damage.
The wight is heavily damaged.
The wight closely misses you.
You barely miss the wight.
The wight is heavily damaged.
The wight hits you with a +0 spear.
* * * LOW HITPOINT WARNING * * *
You feel drained.
* * * LOW HITPOINT WARNING * * *
The wight barely misses you.
The wight hits you from afar with a +0 spear!
You die...
Your body crumbles into a pile of gold.

,**,**<**,* *,*,,,,,,,.......
,,,,,,,**,* *#.#....#.*,#.....
***,*****,*###**.........*,#.....
*,,,,,,,*#..,,.........,,#..>..
*********#.###.........*,#.....
#.....,.....#.*,#.....
#.##.#*.......,,#.....
#.##.##z....#***##.###
#...)@.z#,,,,,* #.###
###..####.#,,,,,* #....
#.......#.#,,,,,* #....
#.........#,,,,,* ##...
#..#.#..###,,,,,* ##.# #..#.#..#
***#########.# #..#.#..##
#".....##.# #..#.#...#
#.####.##.#
#......#.#####.#>......#


You could see 2 wights.

Vanquished Creatures
  A water moccasin (D:7)
  An orc warrior (D:4)
  An ice beast (D:5)
  A scorpion (D:4)
  A wight (D:7)
  A centaur zombie (D:4)
  A bullfrog zombie (D:4)
  2 hounds (D:4)
  2 worker ants (D:4)
  5 gnolls (D:3)
  3 adders
  A shadow imp (D:4)
  An ooze (D:3)
  2 adder skeletons (D:5)
  4 worms
  3 dart slugs
  6 leopard geckos
  6 orcs
  4 giant cockroaches
  2 gnoll zombies (D:3)
  12 goblins
  6 hobgoblins
  7 kobolds
  4 quokkas
  A ball python (D:1)
  6 bats
  12 frilled lizards
  A leopard gecko skeleton (D:4)
  5 rats
102 creatures vanquished.

Notes
Turn   | Place    | Note
-------+----------+-------------------------------------------
     0 | D:1      | Snicker the Draconian Ice Elementalist began the quest for
                  | the Orb.
     0 | D:1      | Reached XP level 1. HP: 14/14 MP: 3/3
   298 | D:1      | Reached XP level 2. HP: 20/20 MP: 3/5
   712 | D:1      | Reached XP level 3. HP: 26/26 MP: 4/6
   830 | D:1      | Learned a level 3 spell: Frozen Ramparts
  1128 | D:2      | Found a stormy altar of Qazlal.
  1174 | D:2      | Found a blossoming altar of Fedhas.
  1568 | D:2      | Reached XP level 4. HP: 33/33 MP: 4/8
  1653 | D:2      | Learned a level 3 spell: Ozocubu's Armour
  1778 | D:2      | Reached skill level 5 in Ice Magic
  2497 | D:2      | Found an opulent altar of Gozag.
  2510 | D:2      | Found Gozag's Platinum Reserve.
  2522 | D:2      | Became a worshipper of Gozag Ym Sagoz the Greedy
  2684 | D:3      | Reached XP level 5. HP: 34/38 MP: 6/10
  2805 | D:3      | Found an ornate altar of the Wu Jian Council.
  2936 | D:3      | Learned a level 4 spell: Hailstorm
  2948 | D:3      | Found a basalt altar of Yredelemnul.
  3586 | D:3      | Found a faded altar of an unknown god.
  3782 | D:4      | Noticed an orc warrior
  3793 | D:4      | Killed an orc warrior
  3793 | D:4      | Reached XP level 6. HP: 26/45 MP: 5/12
  4433 | D:4      | Reached skill level 1 in Axes
  4992 | D:5      | Entered Level 5 of the Dungeon
  5006 | D:5      | Your scales start taking on a lurid green colour.
  5006 | D:5      | Reached XP level 7. HP: 50/51 MP: 11/14
  5006 | D:5      | Gained mutation: Your system is resistant to poisons.
                  | (rPois) [Green Draconian growth]
  5083 | D:5      | Reached skill level 5 in Spellcasting
  5198 | D:5      | You fall into a shaft and drop 2 floors!
  5229 | D:7      | Reached skill level 1 in Fighting
  5229 | D:7      | Reached skill level 6 in Ice Magic
  5463 | D:7      | Slain by a wight

Illustrated notes

Levels and vault maps discovered:
D:1:      sevenhm_arrival_forest_fort_large_1, layout_rooms, minmay_lizard_king
D:2:      layout_basic, overflow_temple_1_default,
          nicolae_gozag_zags_fifth_avenue, grunt_qazlal_sundering,
          uniq_crazy_yiuf_cottage
D:3:      layout_loops_ring, lemuel_zombie_altar_yredelemnul, marbit_many_paths,
          chequers_ecumenical_altar_lobes
D:4:      layout_cave_pools, first_ration
D:5:      kennysheep_windowed_halls, layout_loops_ring, led_sif_pool,
          enter_ossuary_5, minmay_puff, uniq_duvessa
D:7:      layout_loops_cross

Skill      XL: |  1  2  3  4  5  6  7 |
---------------+----------------------+-----
Spellcasting   | 3 4 5 |  5.1
Ice Magic      | 5 6 |  6.0
Stealth        | 2 |  2.7
Axes           | 1 2 |  2.5
Dodging        | 2 |  2.6
Fighting       | 1 |  1.1
Short Blades   | |  0.7
Throwing       | |  0.1

Action                   |  1- 3 |  4- 6 |  7- 9 || total
-------------------------+-------+-------+-------++-------
Melee: Dagger            |    57 |    55 |       ||   112
       Tailslap          |     8 |    10 |     3 ||    21
       Unarmed           |     1 |       |       ||     1
       War axe           |       |    39 |    13 ||    52
Throw: Dart              |       |     2 |       ||     2
 Cast: Freeze            |    34 |    16 |       ||    50
       Frozen Ramparts   |     7 |    20 |     1 ||    28
       Hailstorm         |       |       |     3 ||     3
  Use: Scroll            |       |       |     6 ||     6
 Stab: Sleeping          |       |     9 |       ||     9
       Distracted        |       |     1 |       ||     1
  Eat: Chunk             |     3 |     3 |       ||     6
       Ration            |       |     3 |     1 ||     4
Armor: Skin              |    24 |    38 |     5 ||    67
Dodge: Dodged            |    70 |    80 |     8 ||   158
